 Dungeon Crawl Stone Soup version 0.22.1-1-ga44c0e5 (webtiles) character file.

228 FallenPrincess the Skirmisher (level 5, -1/45 HPs)
             Began as a Centaur Fighter on Sept 23, 2018.
             Slain by a kobold
             ... wielding a +0 short sword
              (2 damage)
             ... in a sewer.
             The game lasted 00:07:46 (2587 turns).

FallenPrincess the Skirmisher (Centaur Fighter)     Turns: 2587, Time: 00:07:47

Health: -1/45      AC:  9    Str: 19    XL:     5   Next: 71%
Magic:  5/5        EV:  3    Int:  7    God:
Gold:   79         SH: 13    Dex:  9    Spells: 4/4 levels left

rFire    . . .     SeeInvis .   q - +0 flail (protect)
rCold    . . .     Gourm    .   k - +0 large shield
rNeg     . . .     Faith    .   b - +0 scale mail
rPois    .         Spirit   .   n - +0 helmet
rElec    .         Reflect  .   v - +0 cloak
rCorr    .         Harm     .   (no gloves)
MR       .....                  (no barding)
Stlth    ..........             i - amulet of magic regeneration
HPRegen  0.15/turn              (no ring)
MPRegen  0.34/turn              (no ring)

@: very quick
A: large, hooves 3, deformed body, speed 2, tough skin 3
a: no special abilities


You were in a sewer.
You were not hungry.

You visited 1 branch of the dungeon, and saw 3 of its levels.
You also visited: Sewer.

You collected 79 gold pieces.

Inventory:

Hand Weapons
 a - a +0 long sword
 h - a +0 spear
 o - a +0 dagger of venom
 q - a +0 flail of protection (weapon)
 s - a +0 hunting sling
Missiles
 l - 12 stones (quivered)
Armour
 b - a +0 scale mail (worn)
 c - a +0 shield
 k - a +0 large shield (worn)
 n - a +0 helmet (worn)
 r - a +0 scale mail
 v - a +0 cloak (worn)
Jewellery
 i - an amulet of magic regeneration (around neck)
Scrolls
 g - 4 scrolls of identify {unknown}
 j - a scroll of remove curse
 m - a scroll of amnesia {unknown}
 u - a scroll of fog {unknown}
Potions
 d - a potion of might
 p - a potion of magic {unknown}
 t - a potion of heal wounds {unknown}
Comestibles
 f - 2 rations


   Skills:
 + Level 3.6 Fighting
 + Level 2.9 Long Blades
 + Level 0.4 Maces & Flails
 + Level 3.0 Armour
 + Level 0.8 Dodging
 + Level 0.1 Stealth
 + Level 3.2 Shields


You had 4 spell levels left.
You didn't know any spells.
Your spell library was empty.

Dungeon Overview and Level Annotations

Branches:
Dungeon (3/15)

Altars:

Annotations:
Sewer Grinder


Innate Abilities, Weirdness & Mutations

You have hooves in place of feet.
Armour fits poorly on your strangely shaped body.
You cover ground very quickly.
You have extremely tough skin. (AC +3)


Message History

You kick the ufetubus.
The ufetubus is moderately wounded.
You block the bat's attack.
The ufetubus hits you but does no damage.
You block the ufetubus's attack. The kobold barely misses you.
You block the ufetubus's attack.
The ufetubus hits you but does no damage.
The ufetubus hits you.
* * * LOW HITPOINT WARNING * * *
The ufetubus hits you.
* * * LOW HITPOINT WARNING * * *
Your shield prevents you from hitting the ufetubus.
You kick the ufetubus.
You kill the ufetubus!
You block the bat's attack. The kobold hits you but does no damage.
The big kobold hits you with a short sword.
* * * LOW HITPOINT WARNING * * *
An ufetubus comes into view.
The kobold hits you with a short sword.
You die... ### #∩# ##!## #!(!# ≈≈≈≈≈.' ##.KK## ≈≈≈≈..# #.bKK@# ≈≈≈≈≈.# #.≈≈≈K# ≈≈≈≈..# #.KKKK#

≈≈≈≈..# ###KKK##
≈≈≈... ≈# #.5K#
#≈#.### .###K5§..
..≈.≈≈#...#.....§.
≈≈.≈≈KK≈..5.§._...'
..≈.≈≈#≈..#.....


You could see Grinder, 2 big kobolds, a shadow imp, an ufetubus, a bat and 12
kobolds.

Vanquished Creatures
  Jessica (D:2)
  Terence (D:2)
  A big kobold zombie (Sewer)
  Robin (D:2)
  5 adders
  A river rat (D:3)
  2 ufetubi (Sewer)
  3 oozes
  A worm (D:2)
  2 dart slugs (D:1)
  2 leopard geckos (D:1)
  4 giant cockroaches
  11 goblins
  7 hobgoblins
  7 kobolds
  9 bats
  2 kobold zombies (Sewer)
  7 rats
67 creatures vanquished.

Vanquished Creatures (others)
  An ooze (Sewer)
1 creature vanquished.

Grand Total: 68 creatures vanquished

Notes
Turn   | Place    | Note
-------+----------+-------------------------------------------
     0 | D:1      | FallenPrincess the Centaur Fighter began the quest for the
                  | Orb.
     0 | D:1      | Reached XP level 1. HP: 19/19 MP: 1/1
   101 | D:1      | Reached XP level 2. HP: 22/26 MP: 2/2
   366 | D:1      | Reached XP level 3. HP: 25/31 MP: 3/3
   964 | D:2      | Noticed Robin
   984 | D:2      | Killed Robin
  1131 | D:2      | Reached XP level 4. HP: 33/38 MP: 4/4
  1578 | D:2      | Noticed Terence
  1593 | D:2      | Killed Terence
  1731 | D:2      | Noticed Jessica
  1742 | D:2      | Killed Jessica
  1742 | D:2      | Reached XP level 5. HP: 36/45 MP: 5/5
  1989 | D:3      | Found a glowing drain.
  2195 | Sewer    | Entered a sewer
  2572 | Sewer    | Found a burning altar of Makhleb.
  2585 | Sewer    | Noticed Grinder
  2587 | Sewer    | HP: 1/45 [big kobold/short sword (3)]
  2587 | Sewer    | Slain by a kobold

Skill      XL: |  1  2  3  4  5 |
---------------+----------------+-----
Long Blades    | 2 |  2.9
Shields        | 3 |  3.2
Armour         | 3 |  3.0
Fighting       | |  3.6
Maces & Flails | |  0.4
Dodging        | |  0.8
Stealth        | |  0.1

Action                   |  1- 3 |  4- 6 || total
-------------------------+-------+-------++-------
Melee: Long sword        |   102 |    54 ||   156
       Kick              |    18 |    35 ||    53
       Flail             |       |   124 ||   124
  Use: Potion            |     1 |       ||     1
       Scroll            |       |     3 ||     3
  Eat: Ration            |       |     2 ||     2
Armor: Scale mail        |    52 |   162 ||   214
Dodge: Dodged            |    27 |    35 ||    62
Block: Shield            |    22 |       ||    22
       Large shield      |    21 |   222 ||   243
       Rpst.: Long sword |    14 |       ||    14
